 Dungeon Crawl Stone Soup version 0.25.1-2-g60ff931df9 (webtiles) character file.

Game seed: 14435759802129973090

7469 ArchParadox the Basher (level 11, -2/71 HPs)
             Began as a Gargoyle Gladiator on Oct 13, 2020.
             Was a Believer of the Shining One.
             Slain by a two-headed ogre
             ... wielding the +12 great mace "Jizxuck" {freeze, rC+}
              (8 damage)
             ... on level 8 of the Dungeon.
             The game lasted 00:29:08 (10469 turns).

ArchParadox the Basher (Gargoyle Gladiator)        Turns: 10469, Time: 00:29:12

Health: -2/71      AC: 23    Str: 20    XL:     11   Next: 15%
Magic:  11/11      EV:  8    Int: 10    God:    the Shining One [**....]
Gold:   876        SH: 10    Dex: 17    Spells: 10/10 levels left

rFire    . . .     SeeInvis .   a - +1 flail
rCold    . . .     Gourm    .   L - +0 buckler
rNeg     + + .     Faith    .   G - +0 plate armour
rPois    ∞         Spirit   .   c - +0 helmet
rElec    +         Reflect  +   o - scarf {repulsion}
rCorr    .         Harm     .   w - +0 pair of gloves
MR       .....                  (no boots)
Stlth    ..........             r - amulet of reflection
HPRegen  0.21/turn              z - +6 ring of dexterity
MPRegen  0.12/turn              (no ring)

@: mighty, glowing, repel missiles
A: negative energy resistance 1, electricity resistance, unbreathing,
petrification resistance, rot immunity, AC +8
a: Divine Shield, Renounce Religion


You were on level 8 of the Dungeon.
You worshipped the Shining One.
The Shining One was pleased with you.
You were not hungry.

You visited 4 branches of the dungeon, and saw 13 of its levels.

You collected 1234 gold pieces.
You spent 358 gold pieces at shops.

Inventory:

Hand Weapons
 a - a +1 flail (weapon)
 b - a +3 shortbow
 Q - a +0 shortbow
Missiles
 d - 2 throwing nets
 n - 218 stones
 s - 122 bolts
 v - 4 boomerangs
 B - 198 arrows
 F - 30 poisoned darts (quivered)
Armour
 c - a +0 helmet (worn)
 o - a scarf of repulsion (worn)
 w - a +0 pair of gloves (worn)
 G - a +0 plate armour (worn)
 K - a +0 tower shield
 L - a +0 buckler (worn)
Jewellery
 k - an uncursed amulet of guardian spirit
 r - an amulet of reflection (around neck)
 z - a +6 ring of dexterity (left hand)
 P - an uncursed ring of flight {unknown}
 R - an uncursed ring of see invisible {unknown}
Wands
 D - a wand of disintegration (12)
 E - a wand of clouds (6)
 J - a wand of iceblast (8)
 S - a wand of acid (8)
Scrolls
 g - a scroll of fear
 i - a scroll of noise {unknown}
 j - 2 scrolls of random uselessness {unknown}
 l - 6 scrolls of remove curse
 m - a scroll of enchant weapon
 p - a scroll of amnesia {unknown}
 q - 5 scrolls of teleportation
 t - a scroll of magic mapping {unknown}
 y - a scroll of blinking {unknown}
 A - a scroll of enchant armour {unknown}
 I - 5 scrolls of identify
 N - a scroll of brand weapon {unknown}
Potions
 e - 5 potions of heal wounds
 h - a potion of might
 u - 2 potions of flight
 x - 4 potions of curing
 C - a potion of lignification {unknown}
 H - 2 potions of berserk rage
 M - 2 potions of stabbing {unknown}
 O - 3 potions of brilliance {unknown}
Comestibles
 f - 16 rations


   Skills:
 + Level 9.5 Fighting
 * Level 12.4 Maces & Flails
 - Level 1.7 Throwing
 - Level 6.0 Armour
 - Level 4.0 Dodging
 - Level 0.2 Stealth
 - Level 4.0 Shields


You had 10 spell levels left.
You didn't know any spells.
Your spell library was empty.

Dungeon Overview and Level Annotations

Branches:
Dungeon (10/15)            Temple (1/1) D:6            Lair (1/6) D:9
    Orc (1/2) D:9

Altars:
Ashenzari
Cheibriados
Dithmenos
Elyvilon
Fedhas
Gozag
Hepliaklqana
Kikubaaqudgha
Makhleb
Nemelex Xobeh
Okawaru
Qazlal
Ru
Sif Muna
Trog
Uskayaw
Vehumet
Wu Jian
Xom
Yredelemnul
Zin
The Shining One

Shops:
D:4 ![   D:6 }   D:7 *   D:9 !   D:10 !

Annotations:
D:8 1 transporter, doomsgape's ghost, novice TeFi


Innate Abilities, Weirdness & Mutations

You are resistant to torment.
Your stone body is resilient. (AC +8)
You are immune to poison.
You resist negative energy. (rN+)
You are resistant to electric shocks. (rElec)
You can survive without breathing.
You are immune to petrification.
You are immune to rotting.


Message History

The two-headed ogre freezes you.
The two-headed ogre hits you but does no damage.
The big kobold hits you.
You bludgeon the big kobold!!
The big kobold is almost dead.
You block the big kobold's attack.
The big kobold hits you but does no damage.
The two-headed ogre hits you with the +12 great mace "Jizxuck" {freeze, rC+}!
The two-headed ogre freezes you. You block the two-headed ogre's attack.
You sock the big kobold!
The big kobold is moderately wounded.
The big kobold hits you but does no damage.
You block the orc warrior's attack. You block the big kobold's attack.
You closely miss the big kobold.
The big kobold is moderately wounded.
The big kobold barely misses you.
The two-headed ogre hits you with the +12 great mace "Jizxuck" {freeze, rC+}!!
* * * LOW HITPOINT WARNING * * *
The two-headed ogre freezes you!
You die...

#.#......#.#.#.###.
#....#.#...#...#...
##.#....##.########
##....©......#.###.
##...#####....#.....
#..###.©.###..#####.
##.###oW....##.## #.
#..#.K###....#..# ##
#.##@## ...K.##.##
#.#oKO#....K..#..##
#.#....§_.##W©#...###
#.#.###!)%≈#..#...'..
#.### #..##.##...###
#..# ###...###...##
##.###..o...##..##
#..###.O.###..##
#....#####...##


You could see a two-headed ogre, 2 orc warriors, 2 big kobolds and doomsgape's
ghost.

Vanquished Creatures
  A two-headed ogre (D:8)
  A moth of wrath (D:8)
  An elephant (D:9)
  A hornet (D:10)
  Grinder (D:3)
  2 hippogriffs
  A spriggan (D:7)
  8 yaks
  2 basilisks (D:9)
  2 ice beasts
  3 orc warriors
  2 black bears (D:6)
  3 phantoms
  5 centaurs
  5 ogres
  A big kobold (D:10)
  A gnoll sergeant (D:8)
  4 bullfrogs
  A scorpion (D:6)
  5 killer bees (D:10)
  A wight (D:6)
  3 crimson imps
  4 hounds
  A bullfrog zombie (D:5)
  4 centaur skeletons
  3 jellies
  3 orc wizards
  4 orc priests
  2 bullfrog skeletons
  3 iguanas
  5 worker ants
  A hound zombie (D:5)
  A hound skeleton (D:7)
  A worker ant zombie (D:7)
  A howler monkey skeleton (D:9)
  9 adders
  2 shadow imps
  An ooze (D:6)
  An adder zombie (D:7)
  An adder skeleton (D:6)
  2 worms
  3 dart slugs
  3 leopard geckos
  13 orcs
  6 giant cockroaches
  11 goblins
  A hobgoblin (D:3)
  7 jackals
  13 kobolds
  5 quokkas
  2 ball pythons (D:3)
  5 bats
  A leopard gecko skeleton (D:6)
  A leopard gecko zombie (D:8)
  2 rats (D:1)
176 creatures vanquished.

Notes
Turn   | Place    | Note
-------+----------+-------------------------------------------
     0 | D:1      | ArchParadox the Gargoyle Gladiator began the quest for the
                  | Orb.
     0 | D:1      | Reached XP level 1. HP: 12/12 MP: 1/1
   273 | D:1      | Reached XP level 2. HP: 11/17 MP: 2/2
   880 | D:2      | Found a faded altar of an unknown god.
   941 | D:2      | Reached skill level 4 in Maces & Flails
   941 | D:2      | Reached XP level 3. HP: 17/21 MP: 3/3
  1585 | D:2      | Reached skill level 1 in Armour
  1777 | D:2      | Reached XP level 4. HP: 26/27 MP: 4/4
  2298 | D:3      | Found a basalt altar of Yredelemnul.
  2353 | D:3      | Found a hide-covered altar of Uskayaw.
  2674 | D:3      | Noticed Grinder
  2762 | D:4      | Found Gexyesiw's Antique Armour Shop.
  2766 | D:4      | Reached skill level 5 in Maces & Flails
  2776 | D:4      | Bought a chain mail for 130 gold pieces
  2830 | D:4      | Reached XP level 5. HP: 22/31 MP: 5/5
  3115 | D:4      | Found Tevulu Ovyo's Distillery.
  3118 | D:4      | Noticed a phantom
  3193 | D:4      | Killed a phantom
  3193 | D:4      | Reached XP level 6. HP: 31/37 MP: 6/6
  3195 | D:4      | Bought a potion of might for 40 gold pieces
  3195 | D:4      | Bought a potion of heal wounds for 50 gold pieces
  3195 | D:4      | Bought a potion of curing for 30 gold pieces
  3599 | D:4      | Found a blossoming altar of Fedhas.
  3792 | D:3      | Killed Grinder
  3792 | D:3      | Reached skill level 6 in Maces & Flails
  3792 | D:3      | Reached XP level 7. HP: 27/42 MP: 7/7
  3980 | D:5      | Entered Level 5 of the Dungeon
  3992 | D:5      | Found a white marble altar of Elyvilon.
  4035 | D:5      | Became a worshipper of Elyvilon the Healer
  4303 | D:5      | Found an opulent altar of Gozag.
  4638 | D:5      | Reached skill level 7 in Maces & Flails
  4653 | D:5      | Reached XP level 8. HP: 13/48 MP: 8/8
  4665 | D:5      | Reached skill level 5 in Fighting
  4968 | D:5      | Reached * piety under Elyvilon
  5150 | D:6      | You fall into a shaft and drop 1 floor!
  5560 | D:6      | Reached skill level 8 in Maces & Flails
  5589 | D:6      | Reached ** piety under Elyvilon
  5739 | D:6      | Found a staircase to the Ecumenical Temple.
  6083 | D:6      | Reached XP level 9. HP: 21/55 MP: 9/9
  6339 | D:6      | Reached skill level 9 in Maces & Flails
  6471 | D:6      | Found Giyssiot's Gadget Shoppe.
  6496 | Temple   | Entered the Ecumenical Temple
  6588 | Temple   | Fell from the grace of Elyvilon
  6588 | Temple   | Became a worshipper of the Shining One
  6588 | Temple   | Reached * piety under the Shining One
  6746 | D:7      | Found Arim Dia's Assorted Antiques.
  6758 | D:7      | Bought a buckler for 108 gold pieces
  7222 | D:7      | Found a hazy altar of Hepliaklqana.
  7223 | D:7      | Found a shadowy altar of Dithmenos.
  7593 | D:8      | Noticed a two-headed ogre
  7607 | D:8      | Killed a two-headed ogre
  7607 | D:8      | Reached skill level 10 in Maces & Flails
  7782 | D:8      | Found a sacrificial altar of Ru.
  7974 | D:8      | Found the +9 staff of Wucad Mu {channel}
  7979 | D:8      | Found a shimmering blue altar of Sif Muna.
  8083 | D:8      | Identified the +12 great mace "Jizxuck" {freeze, rC+}
  8083 | D:8      | Noticed a two-headed ogre
  8085 | D:8      | Noticed doomsgape's ghost (novice TeFi)
  8085 | D:8      | Identified the cursed +3 spear "Feke" {venom, rC+ Dex+5}
  8086 | D:8      | Noticed a moth of wrath
  8086 | D:8      | Reached ** piety under the Shining One
  8087 | D:8      | Found a bloodstained altar of Trog.
  8092 | D:8      | Found a transporter.
  8100 | D:8      | Found a transporter.
  8472 | D:9      | Found Teab Xua's Distillery.
  8494 | D:9      | Found a staircase to the Orcish Mines.
  8511 | D:9      | Reached XP level 10. HP: 64/64 MP: 10/10
  8529 | Orc:1    | Entered Level 1 of the Orcish Mines
  8585 | D:9      | Reached skill level 1 in Shields
  8617 | D:8      | Reached skill level 11 in Maces & Flails
  8642 | D:9      | Noticed an elephant
  8689 | D:8      | Reached skill level 5 in Armour
  8863 | D:9      | Killed an elephant
  8892 | D:9      | Found a staircase to the Lair.
  8909 | Lair:1   | Entered Level 1 of the Lair of Beasts
  9047 | D:9      | Found Cheibriados's Comfort Zone.
  9047 | D:9      | Found a snail-covered altar of Cheibriados.
  9555 | D:10     | Entered Level 10 of the Dungeon
  9838 | D:10     | Reached skill level 12 in Maces & Flails
  9881 | D:10     | Reached XP level 11. HP: 70/71 MP: 11/11
  9941 | D:10     | Found Zaost's Distillery.
 10466 | D:8      | Killed a moth of wrath
 10469 | D:8      | Slain by a two-headed ogre

Illustrated notes

Levels and vault maps discovered:
D:1:      minmay_arrival_cross, layout_basic, minmay_pentomino_x2
D:2:      layout_basic, chequers_ecumenical_altar_island, first_ration
D:3:      minmay_diamond_boxcup, layout_basic, overflow_temple_1_default,
          eat_drink_and_be_merry_uskayaw, small_statue_intersection,
          uniq_grinder
D:4:      layout_gridville, lemuel_crystal_altar, serial_shops, shop_coins,
          nicolae_shop_temple_entry_statues_fountains
D:5:      minmay_polygon_palace, layout_loops_ring,
          nicolae_gozag_cash_rules_everything_around_me, basic_altar
D:6:      layout_loops_ring, minmay_temple_entry_glassed_door, serial_shops,
          shop_statue, minmay_quadrilaterals
D:7:      layout_cave_pools, riverfiend_overflow_shadow_ancestor, serial_shops,
          shop, the_bakery
D:8:      layout_loops_corners, led_sif_pool, hangedman_ru_absence,
          gammafunk_ghost_wrathful_warriors, bh_walls_and_bars
D:9:      layout_cross, david_lair_generic, orc_0_dummy, serial_shops,
          nicolae_shop_waterfront, minmay_shop_chei
D:10:     layout_gridville, serial_shops, shop_statue, eino_jars
Temple:   zaba_magenta_temple
Lair:1:   kb_forest_paths, layout_loops_ring, uniq_urug, uniq_erica
Orc:1:    layout_diamond_mine, nicolae_orc_bridge_out, uniq_erolcha

Skill      XL: |  1  2  3  4  5  6  7  8  9 10 |
---------------+-------------------------------+-----
Maces & Flails | 4 5 6 7 8 10 12 | 12.4
Armour         | 1 2 3 4 6 |  6.0
Fighting       | 3 4 6 7 9 |  9.5
Dodging        | 4 |  4.0
Shields        | 4 |  4.0
Throwing       | |  1.7
Stealth        | |  0.2

Action                   |  1- 3 |  4- 6 |  7- 9 | 10-12 || total
-------------------------+-------+-------+-------+-------++-------
Melee: Flail             |   125 |   135 |   349 |   232 ||   841
Throw: Throwing net      |       |     3 |       |       ||     3
       Stone             |       |     2 |       |       ||     2
       Dart              |       |       |    22 |       ||    22
  Use: Scroll            |       |       |    11 |       ||    11
       Potion            |       |       |     4 |     1 ||     5
  Eat: Chunk             |     3 |     2 |    12 |     4 ||    21
       Ration            |       |     1 |     1 |     1 ||     3
Armor: Leather armour    |    58 |    24 |       |       ||    82
       Chain mail        |       |    53 |   142 |       ||   195
       Plate armour      |       |       |    39 |   148 ||   187
Dodge: Dodged            |    96 |    57 |   132 |    85 ||   370
       Repelled          |     3 |       |       |     7 ||    10
Block: Other             |       |       |    47 |       ||    47
       Buckler           |       |       |    27 |   135 ||   162
       Reflection        |       |       |       |     4 ||     4
